 Dungeon Crawl Stone Soup version 0.29-a0-341-g24ffce5b50 (webtiles) character file.

Game seed: 7832157557104145334

1215 Ijustatesigmund the Placeless Elf (level 8, -1/41 HPs)
             Began as a Deep Elf Conjurer on Apr 20, 2022.
             Slain by a gnoll sergeant
             ... wielding a +0 war axe
              (16 damage)
             ... on level 5 of the Dungeon.
             The game lasted 00:16:09 (6581 turns).

Ijustatesigmund the Placeless Elf (DECj)            Turns: 6581, Time: 00:16:09

Health: -1/41      AC:  7    Str:  4    XL:     8   Next: 22%
Magic:  10/19      EV: 12    Int: 26    God:
Gold:   1101       SH:  0    Dex: 13    Spells: 13/20 levels left

rFire   + . .      SeeInvis .   f - +4 short sword (vamp)
rCold   . . .      Faith    .   (no shield)
rNeg    . . .      Spirit   .   a - +0 robe
rPois   .          Reflect  .   j - +1 helmet
rElec   .          Harm     .   l - +0 cloak
rCorr   .          Rampage  .   (no gloves)
Will    .....                   d - +1 pair of boots
Stlth   ++........              (no amulet)
HPRegen 0.13/turn               e - ring of protection from fire
MPRegen 0.16/turn               (no ring)

@: no status effects
A: no striking features
a: no special abilities


You were on level 5 of the Dungeon.
You visited 1 branch of the dungeon, and saw 6 of its levels.

You collected 1101 gold pieces.

Inventory:

Hand Weapons
 f - a +4 vampiric short sword (weapon)
Armour
 a - a +0 robe (worn)
 d - a +1 pair of boots (worn)
 j - a +1 helmet (worn)
 l - a +0 cloak (worn)
Jewellery
 e - a ring of protection from fire (left hand)
 p - a ring of ice
Wands
 i - a wand of polymorph (2)
 k - a wand of iceblast (20)
Scrolls
 c - a scroll of teleportation
 s - a scroll of magic mapping {unknown}
 v - a scroll of fog
Potions
 b - a potion of magic
 g - 2 potions of curing
 h - 2 potions of might
 m - a potion of invisibility
 n - a potion of cancellation
 o - a potion of attraction {unknown}
 q - a potion of berserk rage {unknown}
 r - a potion of brilliance {unknown}
 t - a potion of lignification {unknown}
 u - a potion of haste {unknown}


   Skills:
 - Level 2.4 Dodging
 - Level 2.4 Stealth
 + Level 6.5 Spellcasting
 + Level 6.6 Conjurations
 - Level 8.0 Translocations
 - Level 1.3 Evocations


You had 13 spell levels left.
You knew the following spells:

 Your Spells              Type           Power      Damage    Failure   Level
a - Magic Dart            Conj           100%       1d8       1%          1
b - Searing Ray           Conj           84%        2d7       1%          2
c - Iskenderun's Mystic   Conj/Tloc      46%        2d10      3%          4

Your spell library contained the following spells:

 Spells                   Type           Power      Damage    Failure   Level
 Blink                    Tloc           100%       N/A       1%          2
 Lesser Beckoning         Tloc           50%        N/A       1%          3
 Portal Projectile        Hex/Tloc       58%        N/A       3%          3
 Dazzling Flash           Conj/Hex       50%        N/A       4%          3
 Beastly Appendage        Tmut           16%        N/A       7%          1
 Manifold Assault         Tloc           50%        N/A       7%          5
 Mephitic Cloud           Conj/Pois/Air  20%        N/A       8%          3
 Call Imp                 Summ           8%         N/A       10%         2
 Sublimation of Blood     Necr           8%         N/A       10%         2
 Wereblood                Tmut           8%         N/A       10%         2
 Fulminant Prism          Conj/Hex       12%        3d9       17%         4
 Spider Form              Tmut/Pois      8%         N/A       21%         3
 Blade Hands              Tmut           4%         N/A       88%         5
 Excruciating Wounds      Necr           4%         N/A       88%         5
 Summon Hydra             Summ           4%         N/A       100%        7


Dungeon Overview and Level Annotations

Branches:
Dungeon (6/15)
 Temple: D:4-7

Altars:
Ashenzari
Elyvilon
Sif Muna
Xom
Yredelemnul
Zin
The Shining One


Message History

Confirm with . or Enter, or press ? or * to list all spells.
Aiming: Magic Dart (safe; 1% risk of failure)
Press: ? - help, Shift-Dir - straight line, f/p - gnoll sergeant
Aim: a gnoll sergeant, wielding a +0 war axe, wearing a +0 scale mail and wearing a +2 kite shield (lightly wounded, 100% to hit)
The magic dart hits the gnoll sergeant.
The gnoll sergeant is lightly wounded.
Casting: Magic Dart (safe; 1% risk of failure)
Confirm with . or Enter, or press ? or * to list all spells.
Aiming: Searing Ray (safe; 1% risk of failure)
Press: ? - help, Shift-Dir - straight line, f/p - gnoll sergeant
Aim: a gnoll sergeant, wielding a +0 war axe, wearing a +0 scale mail and wearing a +2 kite shield (lightly wounded, 89% to hit)
The searing ray hits the gnoll sergeant!
The gnoll sergeant is moderately wounded. (Press . to maintain the ray.)
A gnoll comes into view. It is wielding a +0 spear.
The searing ray hits the gnoll sergeant!
The gnoll sergeant is heavily wounded.
The gnoll sergeant barely misses you.
The searing ray hits the gnoll sergeant!
The gnoll sergeant is almost dead.
The searing ray hits the gnoll!
The gnoll is heavily wounded.
The gnoll sergeant misses you.
A gnoll comes into view. It is wielding a +0 halberd.
The searing ray hits the gnoll sergeant.
The gnoll sergeant is almost dead.
You finish channelling your searing ray.
The gnoll sergeant hits you with a +0 war axe.
The gnoll hits you with a +0 flail.
Unknown command.
The gnoll sergeant barely misses you. The gnoll closely misses you.
You climb upwards.
There is a stone staircase leading down here.
The gnoll sergeant attacks as you move away!
The gnoll sergeant hits you with a +0 war axe!
The gnoll hits you with a +0 flail!
* * * LOW HITPOINT WARNING * * *
You feel better. The gnoll barely misses you.
The gnoll sergeant hits you with a +0 war axe!
You die...

#.# #.# #.# #.# ##.## #.#
######## #...###.#######......#
.............##.####.#
....###.####.##....#.# #####
#....#.##..#.#.# #..#....>g.#.#.#
#....#.##g@....# #
#......#####.######### # ###.####
#.........## # ##.# ########(..##
# ######..#### ####### #.....#
###..........# #.....# #.....#
....##...###.###<....###.....###
.........###.........#.........#
....#.....##รท.##.....#....##.#.#


You could see a gnoll sergeant and a gnoll.

Vanquished Creatures
  A steam dragon (D:4)
  A sky beast (D:5)
  2 necrophages (D:4)
  A bullfrog (D:4)
  2 scorpions (D:5)
  5 hounds
  Crazy Yiuf (D:3)
  Natasha (thrice) (D:2)
  6 orc wizards
  A scorpion zombie (D:3)
  A hound zombie (D:3)
  Robin (D:2)
  4 gnolls (D:3)
  4 adders (D:5)
  A white imp (D:3)
  2 ufetubi (D:4)
  An adder zombie (D:3)
  A worm (D:2)
  16 orcs
  9 endoplasms
  A giant cockroach (D:2)
  22 goblins
  12 hobgoblins
  3 jackals (D:1)
  6 quokkas
  9 ball pythons
  5 bats
  3 frilled lizards
  5 kobolds
  A quokka zombie (D:3)
  6 rats
136 creatures vanquished.

Vanquished Creatures (others)
  90 plants (D:1)
90 creatures vanquished.

Grand Total: 226 creatures vanquished

Notes
Turn   | Place    | Note
-------+----------+-------------------------------------------
     0 | D:1      | Ijustatesigmund the Deep Elf Conjurer began the quest for
                  | the Orb.
     0 | D:1      | Reached XP level 1. HP: 10/10 MP: 6/6
   337 | D:1      | Reached XP level 2. HP: 15/15 MP: 1/8
   756 | D:1      | Identified a scroll of acquirement
   756 | D:1      | Acquired 825 gold pieces
  1180 | D:1      | Reached XP level 3. HP: 19/19 MP: 8/10
  1232 | D:1      | Reached skill level 5 in Conjurations
  1358 | D:1      | Learned a level 2 spell: Searing Ray
  1637 | D:2      | Noticed Natasha
  1641 | D:2      | Killed Natasha
  1642 | D:2      | Reached XP level 4. HP: 19/24 MP: 5/12
  1697 | D:2      | Learned a level 4 spell: Iskenderun's Mystic Blast
  1770 | D:2      | Noticed Natasha
  1774 | D:2      | Killed Natasha
  1775 | D:2      | Reached skill level 5 in Spellcasting
  2013 | D:2      | Noticed Natasha
  2019 | D:2      | Killed Natasha
  2020 | D:2      | Reached skill level 1 in Translocations
  2135 | D:2      | Noticed Robin
  2146 | D:2      | Reached XP level 5. HP: 18/28 MP: 11/14
  2154 | D:2      | Killed Robin
  2307 | D:2      | Found a faded altar of an unknown god.
  2941 | D:3      | Reached skill level 2 in Translocations
  3048 | D:3      | Found a runed translucent door.
  3049 | D:3      | Noticed Crazy Yiuf
  3055 | D:3      | HP: 1/26 [Crazy Yiuf/+2 quarterstaff of chaos (8)]
  3056 | D:3      | Killed Crazy Yiuf
  3057 | D:3      | Reached skill level 1 in Evocations
  3376 | D:3      | Found a broken altar of Ashenzari.
  3763 | D:3      | Reached XP level 6. HP: 32/32 MP: 16/16
  3813 | D:3      | Found a glowing golden altar of the Shining One.
  3813 | D:3      | Found a glowing silver altar of Zin.
  3815 | D:3      | Found a white marble altar of Elyvilon.
  3930 | D:3      | Found a basalt altar of Yredelemnul.
  4160 | D:4      | Reached skill level 3 in Translocations
  4347 | D:4      | Reached skill level 4 in Translocations
  4679 | D:4      | Reached skill level 5 in Translocations
  4679 | D:4      | Reached XP level 7. HP: 32/36 MP: 4/17
  4903 | D:4      | Noticed a steam dragon
  4984 | D:4      | Killed a steam dragon
  4985 | D:4      | Reached skill level 6 in Translocations
  5370 | D:5      | Entered Level 5 of the Dungeon
  5497 | D:5      | Reached skill level 7 in Translocations
  5984 | D:5      | Found a shimmering altar of Xom.
  5998 | D:5      | Reached skill level 8 in Translocations
  5998 | D:5      | Reached XP level 8. HP: 41/41 MP: 14/18
  6247 | D:5      | Found a shimmering blue altar of Sif Muna.
  6581 | D:5      | Slain by a gnoll sergeant

Illustrated notes

Levels and vault maps discovered:
D:1:      roderic_crop_circles_arrival_small, layout_basic
D:2:      cheibrodos_greedy_goblins, layout_basic, serial_rivers,
          chequers_serial_rivers_micro_a, chequers_serial_rivers_room_b,
          chequers_serial_rivers_room_b, chequers_serial_rivers_large_b,
          hellmonk_ecumenical_altar_crossroads, uniq_robin, uniq_natasha
D:3:      layout_basic, dreamdust_divine_triumvirate,
          nicolae_yredelemnul_corpse_copse, ashenzari_altar_1,
          chequers_mini_garden, serial_bayou_pond_d, kennysheep_generic_room_3,
          uniq_crazy_yiuf_cottage
D:4:      layout_rooms, kennysheep_cluttered_room,
          chequers_serial_rivers_micro_e, minmay_misc_feat_encased
D:5:      layout_loops_cross, mainiacjoe_overflow_small_starburst,
          lemuel_crystal_altar, corexii_item_surrounded_by_moat,
          minmay_a_box_with_orc_wizards_in_it
D:6:      layout_rooms, mainiacjoe_overflow_catwalk,
          mainiacjoe_overflow_six_doors_small

Skill      XL: |  1  2  3  4  5  6  7  8 |
---------------+-------------------------+-----
Spellcasting   | 4 5 6 |  6.5
Conjurations   | 5 6 |  6.6
Translocations | 1 2 5 8 |  8.0
Evocations     | 1 |  1.3
Dodging        | |  2.4
Stealth        | |  2.4

Action                   |  1- 3 |  4- 6 |  7- 9 || total
-------------------------+-------+-------+-------++-------
Melee: Dagger            |       |     6 |       ||     6
       Short sword       |       |    11 |     7 ||    18
 Cast: Magic Dart        |    51 |   109 |    83 ||   243
       Searing Ray       |     3 |    11 |    11 ||    25
       Iskenderun's Myst |       |       |     2 ||     2
  Use: Scroll            |     5 |     6 |     4 ||    15
       Potion            |       |       |     1 ||     1
 Stab: Sleeping          |       |     2 |       ||     2
Armor: Robe              |       |    19 |    11 ||    30
Dodge: Dodged            |     1 |    29 |    24 ||    54

Table legend: (Time is in decaauts)
 A = Elapsed time spent in this place.
 B = Non-inter-level travel time spent in this place.
 C = Inter-level travel time spent in this place.
 D = Time resting spent in this place.
 E = Time spent auto-exploring this place.
 F = Levels seen in this place.
 G = Mean time per level.
                   A        B        C        D        E       F      G
               +--------+--------+--------+--------+--------+-----+--------+
         Total |   6636 |   6511 |    125 |   1910 |   3871 |   6 | 1106.0 |
       Dungeon |   6636 |   6511 |    125 |   1910 |   3871 |   6 | 1106.0 |
               +--------+--------+--------+--------+--------+-----+--------+

Top non-repeatable levels by time:
     D:3: 1496 daAuts
     D:1: 1425 daAuts
     D:2: 1268 daAuts
     D:4: 1234 daAuts
     D:5: 1173 daAuts
     D:6: 37 daAuts
